 Dungeon Sprint DCSS version 0.17-a0-1403-g9df874c (webtiles) character file.

74830 Kidiri the Imperceptible (level 14, -4/59 HPs)
             Began as a Spriggan Enchanter on June 20, 2015.
             Was the Champion of Dithmenos.
             Splashed by a lich's acid (16 damage)
             ... in the Dungeon (Sprint III: "The Ten Rune Challenge").
             The game lasted 00:43:04 (6740 turns).

Kidiri the Imperceptible (Spriggan Enchanter)       Turns: 6740, Time: 00:43:04

Health: -4/59      AC:  4    Str:  4    XL:     14   Next: 62%
Magic:  30/39      EV: 36    Int: 21    God:    Dithmenos [******]
Gold:   307        SH:  0    Dex: 22    Spells: 9 memorised, 22 levels left

rFire  . . .     SeeInvis +     y - +6 quick blade
rCold  . . .     Clarity  .     r - +2 robe {rPois}
rNeg   . . .     SustAt   .     (shield restricted)
rPois  +         Gourm    .     u - +0 hat
rElec  +         Spirit   .     (no cloak)
rCorr  .         Warding  .     (gloves unavailable)
rMut   .         NoTele   +     (boots unavailable)
MR     ++...                    (no amulet)
Stlth  ++++++++++               (no ring)
                                x - ring of Ceikleil {+Inv rElec Int+3}

@: very slightly contaminated, wreathed by umbra, very quick, very resistant to
hostile enchantments, uncannily stealthy
A: unfitting armour, see invisible, agile 2, dopey 1, herbivore 3, speed 3, slow
metabolism 2, wild magic 1
a: Shadow Step, Shadow Form, Renounce Religion, Evoke Invisibility
}: 1/10 runes: serpentine


You were in the Dungeon.
You worshipped Dithmenos.
Dithmenos was exalted by your worship.
You were full.

You visited 1 branch You collected 1521 gold pieces.
You spent 1214 gold pieces at shops.

Inventory:

Hand weapons
 a - a +2 arbalest of chaos
 y - a +6 quick blade (weapon)
Missiles
 b - a throwing net (quivered)
Armour
 r - a +2 robe of poison resistance (worn)
 u - a +0 hat (worn)
Jewellery
 x - the ring of Ceikleil (left hand) {+Inv rElec Int+3}
   (You found it in the Dungeon)

   [ring of invisibility]

   It affects your intelligence (+3).
   It insulates you from electricity.
   It lets you turn invisible.
Magical devices
 s - a wand of digging (13)
Scrolls
 j - a scroll of blinking
 m - 2 scrolls of holy word
 n - 3 scrolls of remove curse
Potions
 e - 3 potions of curing
 f - 4 potions of heal wounds
 g - 2 potions of haste
 h - 2 potions of magic
 i - 2 potions of berserk rage
 o - a potion of agility
 p - 2 potions of cure mutation
 q - a potion of might
 t - 2 potions of invisibility {unknown}
Books
 c - a book of Maledictions

   Spells                             Type                      Level
   a - Corona                         Hexes                        1
   b - Ensorcelled Hibernation        Hexes/Ice                    2
   c - Confuse                        Hexes                        3
   d - Tukima's Dance                 Hexes                        3
   e - Dazzling Spray                 Conjuration/Hexes            3
 l - a book of Beasts

   Spells                             Type                      Level
   a - Summon Butterflies             Summoning                    1
   b - Call Canine Familiar           Summoning                    3
   c - Summon Ice Beast               Ice/Summoning                4
   d - Summon Mana Viper              Hexes/Summoning              5
   e - Summon Hydra                   Summoning                    7
 w - an Akashic Record This book is beyond your current level of understanding.

   Spells                             Type                      Level
   a - Dispersal                      Translocation                6
   b - Controlled Blink               Translocation                7
   c - Malign Gateway                 Summoning/Translocation      7
   d - Disjunction                    Translocation                8
   e - Singularity                    Translocation                9
Comestibles
 d - a bread ration
 k - 24 royal jellies


   Skills:
 + Level 14.0 Short Blades
 + Level 17.7 Dodging
 * Level 25.2 Stealth
 * Level 20.3 Spellcasting
 + Level 10.3 Conjurations
 + Level 15.4 Hexes
 + Level 10.5 Summonings
 + Level 11.0 Ice Magic
 + Level 12.3 Invocations
 + Level 7.4 Evocations


You had 22 spell levels left.
You knew the following spells:

 Your Spells              Type           Power        Failure   Level  Hunger
a - Corona                Hex            #######      1%          1    None
b - Ensorcelled Hibernat  Hex/Ice        ######       1%          2    None
c - Confuse               Hex            #######.     1%          3    None
d - Tukima's Dance        Hex            #######.     1%          3    None
e - Dazzling Spray        Conj/Hex       #######.     1%          3    None
f - Call Canine Familiar  Summ           #######.     1%          3    None
g - Summon Ice Beast      Ice/Summ       #######.     2%          4    None
h - Summon Mana Viper     Hex/Summ       #######.     2%          5    None
i - Summon Hydra          Summ           #######...   43%         7    #####..


Dungeon Overview and Level Annotations

Branches:
Dungeon (1/1)

Altars:
Cheibriados
Dithmenos
Elyvilon
Fedhas
Gozag
Kikubaaqudgha
Makhleb
Nemelex Xobeh
Okawaru
Qazlal
Ru
Sif Muna
Trog
Vehumet
Xom
Yredelemnul
Zin
The Shining One
Beogh
Jiyva
Lugonu

Shops:
D }%(:(%}


Innate Abilities, Weirdness & Mutations

You are tiny and cannot use many weapons and most armour.
You have supernaturally acute eyesight.
You are a herbivore.
You cover ground extremely quickly.
You need consume almost no food.
You are very agile. (Dex +4)
You are dopey. (Int -2)
Your spells are a little harder to cast, but a little more powerful.


Message History

w - Wait here. f - Follow me.
Anything else - Stay silent.
Gang up on whom?
Press: ? - help, Dir - move target cursor, f - lich
Aim: a lich (umbra) Attack!
The lich gestures at you while chanting.
The orb of energy misses you. The orb of energy hits your mana viper.
Your mana viper dies!
The orb of energy explodes!
Casting: Summon Mana Viper
Confirm with . or Enter, or press ? or * to list all spells.
A mana viper appears with a sibilant hiss.
A poisoned needle hits the tentacled monstrosity, but does no damage!
The lich casts a spell at you. The bolt of acid hits you!
Ouch! That really hurt!
* * * LOW HITPOINT WARNING * * *
You emit a cloud of dark smoke.
The acid burns!
You die...

##
#..#..#.#..#......#
#.#)#.#.+..#......#
§
#....)#.#..#......#
§
#)....#.#.%#......#
#.#)#.+.#..#......#
#..#..#.#..#...^.^#
#)....###########'#
#################.#
#.X..X'L@§)#).#≈≈.#
#.######§§.#..#≈≈.#
#))X'X.##S.#..'.^.#
#)).#...##^'..#≈≈.#
#####....###..#≈≈.#
..L..)#..#≈≈.#
▓▓▓▓▓▓▓▓▓▓▓▓▓▓


You could see a tentacled monstrosity, a lich, a large abomination and a
friendly mana viper.

Vanquished Creatures
  Frederick (D)
  A lich (D)
  Rupert (D)
  Frances (D)
  Gastronok (D)
  Chuck (D)
  A greater naga (D)
  Maud (D)
  A fire giant (shapeshifter) (D)
  Wiglaf (D)
  3 deep elf annihilators (D)
  A deep elf demonologist (D)
  2 dire elephants (D)
  A fire dragon (D)
  Josephine (D)
  An ogre mage (D)
  A yaktaur captain (D)
  2 hydras (D)
  A naga warrior (D)
  2 anacondas (D)
  2 centaur warriors (D)
  4 dancing weapons (D)
  4 death yaks (D)
  A shock serpent (shapeshifter) (D)
  A deep elf knight (D)
  An iron golem (D)
  3 death drakes (D)
  A skeletal warrior (D)
  A spriggan druid (D)
  4 hell knights (D)
  2 unseen horrors (D)
  A deep elf summoner (D)
  A lindwurm (D)
  6 ugly things (D)
  A water nymph (shapeshifter) (D)
  3 deep elf conjurers (D)
  2 elephants (D)
  6 black mambas (D)
  A guardian serpent (D)
  A komodo dragon (D)
  2 spiny frogs (D)
  A deep elf priest (D)
  A fire drake (D)
  3 wandering mushrooms (D)
  A merfolk (shapeshifter) (D)
  4 spriggan defenders (D)
  8 blink frogs (D)
  A queen bee (D)
  4 orc high priests (D)
  A slime creature (D)
  3 redbacks (D)
  2 spriggans (D)
  A shadow (D)
  A spatial vortex (D)
  3 water moccasins (D)
  2 nagas (D)
  3 orc warriors (D)
  A swamp drake (D)
  A necrophage (D)
  5 swamp dragon skeletons (D)
  An earth elemental (D)
  2 brain worms (D)
  2 centaurs (D)
  A water elemental (D)
  A scorpion (D)
  32 killer bees (D)
  A wizard (D)
  2 orc priests (D)
  A jelly (D)
  2 necromancers (D)
  3 humans (D)
  A kobold demonologist (D)
  3 adders (D)
  An ooze (D)
  10 orcs (D)
  3 rats (D)
  2 plants (D)
187 creatures vanquished.

Vanquished Creatures (collateral kills)
  An orc warrior (D)
  An orc wizard (D)
  An orc (D)
3 creatures vanquished.

Vanquished Creatures (others)
  2 draconian scorchers (D)
  3 yaktaurs (D)
  An electric eel (D)
  A bush (D)
  2 plants (D)
9 creatures vanquished.

Grand Total: 199 creatures vanquished

Notes
Turn   | Place    | Note
--------------------------------------------------------------
     0 | D        | Kidiri the Spriggan Enchanter began the quest for the Orb.
     0 | D        | Reached XP level 1. HP: 9/9 MP: 5/5
    15 | D        | Reached skill level 5 in Stealth
    67 | D        | Killed a yaktaur
   130 | D        | Killed a yaktaur
   202 | D        | Killed a white draconian scorcher
   248 | D        | Noticed a scorpion
   255 | D        | Killed a scorpion
   255 | D        | Reached skill level 7 in Stealth
   255 | D        | Reached skill level 5 in Spellcasting
   255 | D        | Reached XP level 2. HP: 13/13 MP: 7/9
   255 | D        | Reached XP level 3. HP: 16/16 MP: 7/10
   259 | D        | Learned a level 2 spell: Ensorcelled Hibernation
   262 | D        | Killed a white draconian scorcher
   263 | D        | Learned a level 3 spell: Confuse
   266 | D        | Reached skill level 5 in Dodging
   266 | D        | Reached skill level 8 in Stealth
   266 | D        | Reached skill level 5 in Hexes
   266 | D        | Reached XP level 4. HP: 21/21 MP: 2/12
   271 | D        | Learned a level 3 spell: Tukima's Dance
   275 | D        | Learned a level 3 spell: Dazzling Spray
   295 | D        | Gained mutation: You are agile. (Dex +2) [potion of mutation]
   295 | D        | Gained mutation: Your spells are a little harder to cast, but a little more powerful. [potion of mutation]
   295 | D        | Gained mutation: You are very agile. (Dex +4) [potion of mutation]
   296 | D        | Gained mutation: You are dopey. (Int -2) [potion of mutation]
   376 | D        | Noticed a water elemental
   379 | D        | Killed a water elemental
   379 | D        | Reached skill level 9 in Stealth
   379 | D        | Reached skill level 1 in Conjurations
   379 | D        | Reached skill level 1 in Ice Magic
   379 | D        | Reached XP level 5. HP: 24/24 MP: 13/15
   388 | D        | Noticed a jelly
   389 | D        | Noticed a shadow
   391 | D        | Killed a shadow
   391 | D        | Reached skill level 10 in Stealth
   391 | D        | Reached XP level 6. HP: 28/28 MP: 14/17
   395 | D        | Killed a jelly
   395 | D        | Reached skill level 5 in Short Blades
   395 | D        | Reached skill level 11 in Stealth
   400 | D        | Found a stormy altar of Qazlal.
   401 | D        | Noticed a spatial vortex
   401 | D        | Found a sacrificial altar of Ru.
   401 | D        | Found a burning altar of Makhleb.
   401 | D        | Found a viscous altar of Jiyva.
   401 | D        | Found a shimmering altar of Xom.
   401 | D        | Found a shadowy altar of Dithmenos.
   401 | D        | Found a sparkling altar of Nemelex Xobeh.
   401 | D        | Found a corrupted altar of Lugonu.
   401 | D        | Found an opulent altar of Gozag.
   405 | D        | Became a worshipper of Dithmenos the Shadowed
   656 | D        | Killed a spatial vortex
   656 | D        | Reached skill level 1 in Invocations
   695 | D        | Found a radiant altar of Vehumet.
   696 | D        | Found a deep blue altar of Sif Muna.
   696 | D        | Found an ancient bone altar of Kikubaaqudgha.
   696 | D        | Noticed a wizard
   697 | D        | Killed a wizard
   710 | D        | Learned a level 3 spell: Call Canine Familiar
   715 | D        | Learned a level 4 spell: Summon Ice Beast
   774 | D        | Found a glowing silver altar of Zin.
   775 | D        | Found a glowing golden altar of the Shining One.
   775 | D        | Found a white marble altar of Elyvilon.
   775 | D        | Noticed a deep elf priest
   777 | D        | Killed a deep elf priest
   777 | D        | Reached skill level 12 in Stealth
   777 | D        | Reached skill level 1 in Summonings
   777 | D        | Reached XP level 7. HP: 32/32 MP: 19/21
   786 | D        | Found an iron altar of Okawaru.
   787 | D        | Found a bloodstained altar of Trog.
   787 | D        | Noticed a human
   787 | D        | Noticed a human
   789 | D        | Killed a human
   790 | D        | Killed a human
   790 | D        | Reached skill level 13 in Stealth
   790 | D        | Reached skill level 10 in Spellcasting
   790 | D        | Reached XP level 8. HP: 36/36 MP: 21/23
   804 | D        | Found a basalt altar of Yredelemnul.
   804 | D        | Found a snail-covered altar of Cheibriados.
   804 | D        | Found a blossoming altar of Fedhas.
   804 | D        | Noticed a necrophage
   804 | D        | Noticed a necromancer
   806 | D        | Killed a necrophage
   806 | D        | Acquired Dithmenos's first power
   807 | D        | Killed a necromancer
   828 | D        | Noticed Josephine
   830 | D        | Killed Josephine
   830 | D        | Reached skill level 14 in Stealth
   840 | D        | Learned a level 5 spell: Summon Mana Viper
   945 | D        | Noticed an earth elemental
   948 | D        | Killed an earth elemental
   953 | D        | Noticed a centaur
   953 | D        | Noticed a centaur warrior
   953 | D        | Noticed a centaur
   955 | D        | Killed a centaur
   955 | D        | Reached XP level 9. HP: 39/39 MP: 25/25
   957 | D        | Killed a centaur warrior
   957 | D        | Acquired Dithmenos's second power
   957 | D        | Reached skill level 10 in Dodging
   957 | D        | Reached skill level 15 in Stealth
   957 | D        | Reached skill level 5 in Ice Magic
   957 | D        | Reached skill level 5 in Invocations
   958 | D        | Killed a centaur
   967 | D        | Learned a level 7 spell: Summon Hydra
   985 | D        | Noticed an unseen horror
   985 | D        | Noticed an unseen horror
   987 | D        | Killed an unseen horror
   987 | D        | Reached skill level 5 in Conjurations
   988 | D        | Killed a yaktaur
   989 | D        | Killed an unseen horror
   998 | D        | Noticed a queen bee
   998 | D        | Noticed a killer bee
   998 | D        | Noticed a killer bee
   998 | D        | Noticed a killer bee
   998 | D        | Noticed a killer bee
   998 | D        | Noticed a killer bee
   998 | D        | Noticed a killer bee
   998 | D        | Noticed a killer bee
   998 | D        | Noticed a killer bee
   998 | D        | Noticed a killer bee
   998 | D        | Noticed a killer bee
   998 | D        | Noticed a killer bee
   998 | D        | Noticed a killer bee
   998 | D        | Noticed a killer bee
   998 | D        | Noticed a killer bee
   999 | D        | Noticed a killer bee
   999 | D        | Noticed a killer bee
  1000 | D        | Noticed a killer bee
  1000 | D        | Noticed a killer bee
  1000 | D        | Noticed a killer bee
  1000 | D        | Noticed a killer bee
  1001 | D        | Noticed a killer bee
  1001 | D        | Noticed a killer bee
  1001 | D        | Killed a queen bee
  1003 | D        | Killed a killer bee
  1003 | D        | Acquired Dithmenos's third power
  1003 | D        | Reached XP level 10. HP: 44/44 MP: 18/27
  1004 | D        | Noticed a killer bee
  1004 | D        | Noticed a killer bee
  1004 | D        | Noticed a killer bee
  1005 | D        | Noticed a killer bee
  1005 | D        | Killed a killer bee
  1005 | D        | Reached skill level 16 in Stealth
  1006 | D        | Noticed a killer bee
  1007 | D        | Killed a killer bee
  1008 | D        | Noticed a killer bee
  1009 | D        | Noticed a killer bee
  1009 | D        | Killed a killer bee
  1011 | D        | Noticed a killer bee
  1011 | D        | Killed a killer bee
  1013 | D        | Noticed a killer bee
  1018 | D        | Killed a killer bee
  1021 | D        | Noticed a killer bee
  1155 | D        | Killed a killer bee
  1157 | D        | Killed a killer bee
  1157 | D        | Acquired Dithmenos's fourth power
  1159 | D        | Killed a killer bee
  1161 | D        | Killed a killer bee
  1163 | D        | Killed a killer bee
  1167 | D        | Killed a killer bee
  1169 | D        | Killed a killer bee
  1176 | D        | Killed a killer bee
  1178 | D        | Killed a killer bee
  1180 | D        | Killed a killer bee
  1182 | D        | Killed a killer bee
  1184 | D        | Killed a killer bee
  1200 | D        | Killed a killer bee
  1200 | D        | Reached skill level 10 in Hexes
  1346 | D        | Killed a killer bee
  1349 | D        | Killed a killer bee
  1351 | D        | Killed a killer bee
  1353 | D        | Killed a killer bee
  1355 | D        | Killed a killer bee
  1357 | D        | Killed a killer bee
  1359 | D        | Killed a killer bee
  1359 | D        | Reached skill level 5 in Summonings
  1361 | D        | Killed a killer bee
  1363 | D        | Killed a killer bee
  1367 | D        | Killed a killer bee
  1369 | D        | Killed a killer bee
  1371 | D        | Killed a killer bee
  1373 | D        | Killed a killer bee
  1515 | D        | Noticed a wandering mushroom
  1516 | D        | Noticed a wandering mushroom
  1516 | D        | Noticed a wandering mushroom
  1517 | D        | Killed a wandering mushroom
  1519 | D        | Killed a wandering mushroom
  1520 | D        | Killed a wandering mushroom
  1561 | D        | Noticed a spiny frog
  1561 | D        | Noticed a komodo dragon
  1561 | D        | Noticed a spiny frog
  1564 | D        | Killed a komodo dragon
  1564 | D        | Reached skill level 17 in Stealth
  1565 | D        | Killed a spiny frog
  1567 | D        | Killed a spiny frog
  1574 | D        | Noticed a redback
  1576 | D        | Killed a redback
  1577 | D        | Noticed a brain worm
  1581 | D        | Killed a brain worm
  1586 | D        | Noticed a brain worm
  1588 | D        | Killed a brain worm
  1595 | D        | Noticed a lindwurm
  1597 | D        | Noticed a redback
  1598 | D        | Killed a lindwurm
  1600 | D        | Killed a redback
  1600 | D        | Reached XP level 11. HP: 47/47 MP: 29/29
  1605 | D        | Noticed a redback
  1606 | D        | Killed a redback
  1607 | D        | Noticed Maud
  1609 | D        | Killed Maud
  1609 | D        | Reached skill level 18 in Stealth
  1637 | D        | Noticed a swamp drake
  1637 | D        | Noticed a fire drake
  1638 | D        | Killed a fire drake
  1640 | D        | Killed a swamp drake
  1646 | D        | Noticed a blink frog
  1646 | D        | Noticed a blink frog
  1647 | D        | Noticed a blink frog
  1647 | D        | Noticed a blink frog
  1647 | D        | Noticed a blink frog
  1649 | D        | Killed a blink frog
  1651 | D        | Killed a blink frog
  1654 | D        | Killed a blink frog
  1656 | D        | Killed a blink frog
  1659 | D        | Killed a blink frog
  1659 | D        | Reached skill level 10 in Short Blades
  1664 | D        | Killed an electric eel
  1725 | D        | Noticed Rupert
  1728 | D        | Killed Rupert
  1728 | D        | Reached skill level 19 in Stealth
  1728 | D        | Reached skill level 15 in Spellcasting
  1735 | D        | Noticed a death yak
  1736 | D        | Noticed a death yak
  1736 | D        | Noticed a blink frog
  1737 | D        | Killed a death yak
  1738 | D        | Noticed an azure jelly
  1738 | D        | Noticed a death yak
  1738 | D        | Noticed an azure jelly
  1738 | D        | Noticed a blink frog
  1738 | D        | Noticed a death yak
  1739 | D        | Killed a death yak
  1740 | D        | Killed a blink frog
  1750 | D        | Killed a death yak
  1753 | D        | Killed a blink frog
  1861 | D        | Noticed a blink frog
  1864 | D        | Killed a blink frog
  1866 | D        | Noticed a black mamba
  1868 | D        | Noticed an azure jelly
  1868 | D        | Noticed an azure jelly
  1878 | D        | Killed a black mamba
  2162 | D        | Noticed a black mamba
  2165 | D        | Killed a death yak
  2165 | D        | Reached XP level 12. HP: 51/51 MP: 14/32
  2172 | D        | Killed a black mamba
  2251 | D        | Noticed a water moccasin
  2252 | D        | Noticed an anaconda
  2252 | D        | Noticed a black mamba
  2253 | D        | Killed an anaconda
  2253 | D        | Reached skill level 20 in Stealth
  2254 | D        | Killed a water moccasin
  2256 | D        | Killed a black mamba
  2281 | D        | Noticed a water moccasin
  2281 | D        | Noticed a black mamba
  2282 | D        | Noticed an anaconda
  2289 | D        | Killed a black mamba
  2294 | D        | Killed a water moccasin
  2449 | D        | Killed an anaconda
  2471 | D        | Noticed a black mamba
  2471 | D        | Noticed a black mamba
  2471 | D        | Noticed a water moccasin
  2473 | D        | Killed a black mamba
  2475 | D        | Killed a water moccasin
  2477 | D        | Killed a black mamba
  2515 | D        | Noticed a naga
  2515 | D        | Noticed a naga
  2516 | D        | Noticed a naga warrior
  2516 | D        | Noticed a greater naga
  2516 | D        | Found Udegylat's Gadget Boutique.
  2516 | D        | Found Kiusoluz's Food Emporium.
  2517 | D        | Killed a naga
  2518 | D        | Killed a naga
  2519 | D        | Found Quivela's Antique Weapon Shop.
  2520 | D        | Killed a naga warrior
  2521 | D        | Killed a greater naga
  2541 | D        | Noticed a guardian serpent
  2543 | D        | Killed a guardian serpent
  2547 | D        | Got a serpentine rune of Zot
  2657 | D        | Noticed Wiglaf
  2657 | D        | Noticed Frances
  2659 | D        | Killed Wiglaf
  2659 | D        | Reached skill level 21 in Stealth
  2660 | D        | Killed Frances
  2686 | D        | Noticed an orc high priest
  2686 | D        | Noticed an orc high priest
  2687 | D        | Noticed an orc high priest
  2687 | D        | Noticed an orc priest
  2688 | D        | Killed an orc high priest
  2689 | D        | Killed an orc high priest
  2691 | D        | Killed an orc high priest
  2692 | D        | Killed an orc priest
  2729 | D        | Noticed a spriggan defender
  2730 | D        | Noticed a spriggan defender
  2730 | D        | Noticed a spriggan defender
  2730 | D        | Noticed a spriggan defender
  2731 | D        | Killed a spriggan defender
  2732 | D        | Killed a spriggan defender
  2734 | D        | Killed a spriggan defender
  2735 | D        | Killed a spriggan defender
  2905 | D        | Found Egonwuep's Book Boutique.
  2905 | D        | Noticed an orc warrior
  2905 | D        | Noticed an orc high priest
  2906 | D        | Noticed an orc wizard
  2906 | D        | Noticed an orc warrior
  2906 | D        | Noticed an orc warrior
  2906 | D        | Noticed an orc priest
  2906 | D        | Noticed an orc warrior
  2906 | D        | Found a roughly hewn altar of Beogh.
  2908 | D        | Killed an orc high priest
  2908 | D        | Reached skill level 15 in Dodging
  2908 | D        | Reached skill level 10 in Invocations
  2910 | D        | Killed an orc warrior
  2922 | D        | Killed an orc warrior
  2924 | D        | Killed an orc warrior
  2924 | D        | Reached XP level 13. HP: 40/55 MP: 14/35
  2925 | D        | Killed an orc wizard
  2933 | D        | Killed an orc warrior
  2937 | D        | Killed an orc priest
  3144 | D        | Noticed a deep elf conjurer
  3144 | D        | Noticed a deep elf conjurer
  3144 | D        | Noticed a deep elf summoner
  3144 | D        | Noticed a deep elf conjurer
  3144 | D        | Noticed a deep elf knight
  3150 | D        | Noticed a deep elf annihilator
  3155 | D        | Killed a deep elf summoner
  3157 | D        | Killed a deep elf conjurer
  3159 | D        | Killed a deep elf conjurer
  3169 | D        | Killed a deep elf conjurer
  3171 | D        | Killed a deep elf knight
  3171 | D        | Reached skill level 22 in Stealth
  3179 | D        | Killed a deep elf annihilator
  3180 | D        | Noticed a deep elf annihilator
  3181 | D        | Noticed a deep elf death mage
  3301 | D        | Noticed a deep elf demonologist
  3301 | D        | Noticed a deep elf annihilator
  3302 | D        | Killed a deep elf demonologist
  3377 | D        | Killed a deep elf annihilator
  3461 | D        | Noticed a deep elf death mage
  3464 | D        | Killed a deep elf annihilator
  3903 | D        | Noticed an elephant
  3903 | D        | Noticed an elephant
  3903 | D        | Noticed a dire elephant
  3903 | D        | Noticed a dire elephant
  3903 | D        | Noticed Gastronok
  3905 | D        | Killed Gastronok
  3906 | D        | Killed a dire elephant
  3908 | D        | Killed a dire elephant
  3912 | D        | Killed an elephant
  3914 | D        | Killed an elephant
  3985 | D        | Noticed a five-headed hydra
  3985 | D        | Noticed a five-headed hydra
  3992 | D        | Killed a five-headed hydra
  3992 | D        | Reached skill level 23 in Stealth
  4001 | D        | Killed a five-headed hydra
  4045 | D        | Noticed a death drake
  4048 | D        | Killed a death drake
  4058 | D        | Found a blossoming altar of Fedhas.
  4058 | D        | Noticed a spriggan
  4058 | D        | Noticed a spriggan druid
  4058 | D        | Noticed a spriggan
  4060 | D        | Killed a spriggan druid
  4061 | D        | Killed a spriggan
  4062 | D        | Killed a spriggan
  4093 | D        | Noticed a death drake
  4094 | D        | Noticed a swamp dragon skeleton
  4094 | D        | Noticed a swamp dragon skeleton
  4095 | D        | Killed a death drake
  4095 | D        | Reached skill level 10 in Ice Magic
  4098 | D        | Noticed a swamp dragon skeleton
  4098 | D        | Noticed a death drake
  4099 | D        | Found Plog's Antique Weapon Emporium.
  4099 | D        | Found Tehaanoj's Food Shop.
  4099 | D        | Found Jaoch's Gadget Shoppe.
  4099 | D        | Noticed a swamp dragon skeleton
  4099 | D        | Noticed a swamp dragon skeleton
  4100 | D        | Killed a swamp dragon skeleton
  4103 | D        | Killed a death drake
  4115 | D        | Killed a swamp dragon skeleton
  4118 | D        | Killed a swamp dragon skeleton
  4127 | D        | Killed a swamp dragon skeleton
  4214 | D        | Killed a swamp dragon skeleton
  4309 | D        | Bought an Akashic Record for 1214 gold pieces
  4405 | D        | Got a heavily runed bone ring
  4406 | D        | Identified the ring of Ceikleil {+Inv rElec Int+3} (You found it in the Dungeon)
  4592 | D        | Noticed a fire dragon
  4595 | D        | Killed a fire dragon
  4595 | D        | Reached skill level 1 in Evocations
  4602 | D        | Noticed a centaur warrior
  4604 | D        | Killed a centaur warrior
  4742 | D        | Noticed a green ugly thing
  4744 | D        | Killed a green ugly thing
  4876 | D        | Noticed a morningstar of protection
  4876 | D        | Noticed a short sword of protection
  4877 | D        | Noticed a scimitar of flaming
  4877 | D        | Noticed a dire flail of draining
  4878 | D        | Killed a scimitar of flaming
  4879 | D        | Killed a morningstar of protection
  4881 | D        | Killed a dire flail of draining
  4884 | D        | Killed a short sword of protection
  5061 | D        | Noticed a yaktaur captain
  5061 | D        | Noticed a slime creature
  5062 | D        | Noticed a purple ugly thing
  5062 | D        | Noticed a shock serpent
  5063 | D        | Killed a slime creature
  5065 | D        | Killed a shock serpent
  5065 | D        | Reached XP level 14. HP: 59/59 MP: 28/38
  5067 | D        | Killed a purple ugly thing
  5183 | D        | Killed a yaktaur captain
  5183 | D        | Reached skill level 24 in Stealth
  5281 | D        | Noticed Chuck
  5298 | D        | Killed Chuck
  5479 | D        | Noticed a merfolk
  5480 | D        | Noticed Frederick
  5481 | D        | Killed a merfolk
  5482 | D        | Noticed a white ugly thing
  5483 | D        | Killed Frederick
  5483 | D        | Reached skill level 10 in Summonings
  5483 | D        | Reached skill level 5 in Evocations
  5485 | D        | Killed a white ugly thing
  5606 | D        | Noticed a red ugly thing
  5609 | D        | Killed a red ugly thing
  5619 | D        | Noticed a red ugly thing
  5620 | D        | Noticed a lich
  5621 | D        | Killed a red ugly thing
  5624 | D        | Killed a lich
  5624 | D        | Reached skill level 10 in Conjurations
  5624 | D        | Reached skill level 15 in Hexes
  5797 | D        | Noticed a brown ugly thing
  5798 | D        | Noticed a water nymph
  5800 | D        | Killed a brown ugly thing
  5801 | D        | Noticed a snapping turtle
  5801 | D        | Noticed an ogre mage
  5801 | D        | Noticed a shadow dragon
  5802 | D        | Noticed a faun
  5802 | D        | Noticed a shadow dragon
  5804 | D        | Killed a water nymph
  5832 | D        | Noticed a sphinx
  5847 | D        | Noticed a quicksilver dragon
  5847 | D        | a stone giant changed into a quicksilver dragon
  5880 | D        | Noticed an azure jelly
  5881 | D        | an azure jelly changed into a stone giant
  5883 | D        | Noticed a frost giant
  5883 | D        | a stone giant changed into a frost giant
  5885 | D        | Noticed a fire giant
  5885 | D        | a frost giant changed into a fire giant
  5887 | D        | Killed a fire giant
  6252 | D        | Killed an ogre mage
  6252 | D        | Reached skill level 25 in Stealth
  6334 | D        | Noticed a skeletal warrior
  6335 | D        | Noticed an iron golem
  6336 | D        | Killed an iron golem
  6337 | D        | Killed a skeletal warrior
  6355 | D        | Noticed a necromancer
  6357 | D        | Killed a necromancer
  6472 | D        | Noticed a hell knight
  6472 | D        | Noticed a hell knight
  6473 | D        | Noticed a hell knight
  6473 | D        | Noticed a hell knight
  6474 | D        | Killed a hell knight
  6475 | D        | Killed a hell knight
  6477 | D        | Killed a hell knight
  6478 | D        | Killed a hell knight
  6681 | D        | Noticed a lich
  6683 | D        | Noticed a tentacled monstrosity
  6740 | D        | Splashed by a lich's acid

Vault maps used:
D:        dungeon_sprint_mu

Action                   |  1- 3 |  4- 6 |  7- 9 | 10-12 | 13-15 || total
-------------------------+-------+-------+-------+-------+-------++-------
Melee: Dagger            |    29 |    33 |    13 |   198 |    81 ||   354
       Quick blade       |       |       |       |       |    29 ||    29
 Cast: Ensorcelled Hiber |     3 |       |     2 |    54 |    14 ||    73
       Summon Ice Beast  |       |       |     1 |       |     1 ||     2
       Dazzling Spray    |       |       |       |    14 |    12 ||    26
       Corona            |       |       |       |     1 |       ||     1
       Confuse           |       |       |       |     3 |    62 ||    65
       Summon Mana Viper |       |       |       |     1 |     8 ||     9
       Tukima's Dance    |       |       |       |       |     2 ||     2
Invok: Shadow Step       |       |       |       |    19 |    12 ||    31
 Abil: Evoke Invisibilit |       |       |       |       |    13 ||    13
  Use: Scroll            |       |     4 |       |       |       ||     4
       Potion            |       |     2 |       |       |       ||     2
 Stab: Sleeping          |     3 |     6 |    13 |    88 |    42 ||   152
       Invisible         |       |       |       |     2 |     1 ||     3
       Confused          |       |       |       |     1 |    15 ||    16
  Eat: Fruit             |       |       |       |     4 |     6 ||    10
       Bread ration      |       |       |       |       |     1 ||     1
